 Dungeon Crawl Stone Soup version 0.20-b1-18-gaa2fd62 (webtiles) character file.

121 Gorglomux the Skirmisher (level 5, -2/34 HPs)
             Began as a Gargoyle Fighter on May 24, 2017.
             Slain by an ogre
             ... wielding a +0 giant club
              (19 damage)
             ... on level 3 of the Dungeon.
             The game lasted 00:01:39 (2753 turns).

Gorglomux the Skirmisher (Gargoyle Fighter)         Turns: 2753, Time: 00:01:40

Health: -2/34      AC: 12    Str: 25    XL:     5   Next: 5%
Magic:  5/5        EV:  7    Int:  8    God:
Gold:   56         SH:  9    Dex: 10    Spells: 4/4 levels left

rFire    . . .     SeeInvis .   a - +0 flail
rCold    . . .     Gourm    .   c - +0 shield
rNeg     + . .     Faith    .   m - +0 scale mail (curse)
rPois    ∞         Spirit   .   (no helmet)
rElec    +         Reflect  .   p - +0 cloak
rCorr    .         Harm     .   (no gloves)
MR       .....                  (no boots)
Stlth    ..........             k - amulet of magic regeneration
Regen    0.2/turn               (no ring)
MPRegen  0.2/turn               (no ring)

@: mighty
A: negative energy resistance 1, electricity resistance, unbreathing,
petrification resistance, rot immunity, AC +4
a: no special abilities


You were on level 3 of the Dungeon.
You were not hungry.

You visited 1 branch of the dungeon, and saw 3 of its levels.

You collected 56 gold pieces.

Inventory:

Hand Weapons
 a - a +0 flail (weapon)
Armour
 b - a +0 scale mail
 c - a +0 shield (worn)
 m - a cursed +0 scale mail (worn)
   (You found it on level 1 of the Dungeon)
 p - a +0 cloak (worn)
   (You took it off Crazy Yiuf on level 2 of the Dungeon)
Jewellery
 k - an amulet of magic regeneration (around neck)
   (You found it on level 1 of the Dungeon)
Scrolls
 e - a scroll of identify {unknown}
 l - a scroll of recharging {unknown}
Potions
 i - a potion of ambrosia {unknown}
 j - a potion of curing {unknown}
Comestibles
 f - 3 bread rations {@e1}
 g - a royal jelly
 h - 2 fruits
 n - a meat ration {@e2}


   Skills:
 + Level 4.6 Fighting
 * Level 4.0 Maces & Flails
 - Level 3.2 Armour
 - Level 3.2 Shields


You had 4 spell levels left.
You didn't know any spells.

Dungeon Overview and Level Annotations

Branches:
Dungeon (3/15)

Altars:


Innate Abilities, Weirdness & Mutations

You are resistant to torment.
Your stone body is resilient. (AC +4)
You are immune to poison.
You resist negative energy. (rN+)
You are resistant to electric shocks. (rElec)
You can survive without breathing.
You are immune to petrification.
You are immune to rotting.


Message History

Unknown command.
There isn't anything to butcher here.
Put on which piece of jewellery? (? for menu, Esc to quit)
You don't have any such object.
Put on which piece of jewellery? (? for menu, Esc to quit)
The amulet hums as it attunes itself to your energized body.
k - an amulet of magic regeneration (around neck) Wear which item? (? for menu, Esc to quit)
You start putting on your armour.
You continue putting on your cloak. x2
You feel yourself speed up.
You continue putting on your cloak. x2
You finish putting on your +0 cloak.
You start resting.
Eating a chunk of flesh {@w0}.
You eat the chunk of flesh {@w0}.
Done exploring.
Unknown command.
No target in view!
Done exploring.
Unknown command.
No target in view!
Done exploring.
Unknown command.
No target in view!
Done exploring.
Unknown command.
No target in view!
Done exploring.
Unknown command.
No target in view!
(D) Dungeon
Where to? (Enter - D:2, ? - help)
There is an open door here.
There is a stone staircase leading down here.
You climb downwards.
A worker ant and a kobold come into view.
The worker ant twitches its antennae in your direction.
The kobold shouts!
There is a stone staircase leading up here.
A rat comes into view.
The kobold hits you but does no damage.
Found an escape hatch in the floor.
An ogre comes into view. It is wielding a giant club.
You closely miss the kobold. The kobold hits you but does no damage.
You completely miss the kobold. You block the kobold's attack.
The worker ant closely misses you.
Unknown command.
There are monsters nearby!
Unknown command.
There are monsters nearby!
Unknown command.
There are monsters nearby!
You barely miss the worker ant. The kobold hits you but does no damage.
The worker ant bites you.
A bat comes into view.
You hit the worker ant.
The worker ant bites you but does no damage.
You block the kobold's attack.
The worker ant bites you but does no damage.
You block the kobold's attack.
Your shield prevents you from hitting the worker ant.
The bat hits you but does no damage. The bat barely misses you.
The worker ant bites you but does no damage.
The rat closely misses you. You block the kobold's attack.
You block the bat's attack. The worker ant bites you.
Unknown command.
There are monsters nearby!
Unknown command.
There are monsters nearby!
Unknown command.
You hit the worker ant. The bat hits you but does no damage.
The rat closely misses you. You block the kobold's attack.
You block the worker ant's attack. The rat bites you but does no damage.
You hit the worker ant but do no damage.
The ogre barely misses you. The worker ant bites you.
The kobold closely misses you. The rat bites you but does no damage.
The kobold hits you with a short sword. The worker ant barely misses you.
There are monsters nearby!
Unknown command.
There are monsters nearby!
Unknown command.
The worker ant closely misses you.
The kobold moves out of view.
You feel very mighty all of a sudden. You block the ogre's attack.
The worker ant barely misses you.
Your scale mail prevents you from hitting the ogre.
The worker ant barely misses you. You block the ogre's attack.
The rat twitches its whiskers.
The worker ant bites you but does no damage.
Your scale mail prevents you from hitting the ogre.
You block the ogre's attack. The worker ant bites you.
You barely miss the ogre.
The worker ant bites you but does no damage.
You block the ogre's attack.
You sock the ogre! The worker ant barely misses you.
You block the ogre's attack.
The worker ant bites you but does no damage.
You thump the ogre!
The worker ant bites you but does no damage.
The ogre hits you with a giant club!!
Ouch! That really hurt!
You die...

#######
.......
.......
##..§...≈
#....≈...
#####r...≈≈.#
#...aOb..§§§≈
#...@#..§≈#§>
#?..###..≈§#
#... ..$.≈≈≈
.... ....###
).### ......
# .......
.......


You could see an ogre, a worker ant, a bat and a rat.

Vanquished Creatures
  Crazy Yiuf (D:2)
  4 adders (D:2)
  2 dart slugs (D:1)
  A leopard gecko (D:1)
  2 bats (D:1)
  A giant cockroach (D:1)
  8 goblins
  5 hobgoblins
  10 jackals
  6 kobolds
  4 frilled lizards (D:1)
  3 rats
47 creatures vanquished.

Notes
Turn   | Place    | Note
-------+----------+-------------------------------------------
     0 | D:1      | Gorglomux the Gargoyle Fighter began the quest for the Orb.
     0 | D:1      | Reached XP level 1. HP: 14/14 MP: 1/1
    40 | D:1      | HP: 2/14 [kobold (3)]
   439 | D:1      | Reached XP level 2. HP: 14/19 MP: 2/2
   690 | D:1      | Reached skill level 4 in Fighting
   690 | D:1      | Reached XP level 3. HP: 9/24 MP: 3/3
   707 | D:1      | HP: 6/24 [jackal (2)]
  1410 | D:1      | Reached skill level 3 in Maces & Flails
  2056 | D:2      | Reached XP level 4. HP: 29/29 MP: 4/4
  2400 | D:2      | Found a runed door.
  2404 | D:2      | Noticed Crazy Yiuf
  2411 | D:2      | HP: 7/30 [Crazy Yiuf/quarterstaff of chaos (5)]
  2412 | D:2      | Killed Crazy Yiuf
  2412 | D:2      | Reached skill level 4 in Maces & Flails
  2412 | D:2      | Reached XP level 5. HP: 8/34 MP: 5/5
  2740 | D:3      | Noticed an ogre
  2753 | D:3      | Slain by an ogre

Skill      XL: |  1  2  3  4 |
---------------+-------------+-----
Fighting       | 4 |  4.6
Maces & Flails | 3 4 |  4.0
Armour         | |  3.2
Shields        | |  3.2

Action                   |  1- 3 |  4- 6 || total
-------------------------+-------+-------++-------
Melee: Flail             |   220 |    45 ||   265
  Use: Potion            |       |     1 ||     1
  Eat: Chunk             |     4 |     2 ||     6
Armor: Scale mail        |   166 |    33 ||   199
Dodge: Dodged            |   108 |    17 ||   125
Block: Shield            |   161 |    28 ||   189

Vault maps used:
D:1:      minmay_arrival_solitary_statue, serial_forest,
          infiniplex_forest_lined_3, infiniplex_forest_end_2,
          infiniplex_forest_clump_long, infiniplex_forest_clump_large,
          infiniplex_forest_lined_2, infiniplex_forest_clump_medium,
          infiniplex_forest_clump_medium, infiniplex_forest_3_way,
          infiniplex_forest_clump_double, infiniplex_forest_end_1, minivault_27
D:2:      serial_co_window_serial, co_window_paths_b, co_window_corner_a,
          co_window_paths_a, co_window_paths_b, co_window_of_opportunity_a,
          co_window_cross_3, co_window_2corner, co_window_unsneaky_path_d,
          co_window_cross_3, co_window_of_opportunity_c, co_window_2corner,
          co_window_corner_cb, glass_columns_a, glass_columns_a,
          glass_columns_a, glass_columns_a, glass_columns_a,
          uniq_crazy_yiuf_cottage
D:3:      first_bread, nicolae_qazlal_general_emergency, uniq_terence,
          uniq_jessica, uniq_natasha

Table legend:
 A = Turns spent in this place as a percentage of turns spent in the entire game.
 B = Non-inter-level travel turns spent in this place as a percentage of non-inter-level travel turns spent in the entire game.
 C = Inter-level travel turns spent in this place as a percentage of turns spent in this place.
 D = Turns resting spent in this place as a percentage of non-inter-level travel turns spent in this place.
 E = Turns spent auto-exploring this place as a percentage of non-inter-level travel turns spent in this place.
 F = Non-inter-level travel turns spent in this place divided by the number of levels of this place that you've seen.
                   A       B       C       D       E      F
               +-------+-------+-------+-------+-------+----------------------
         Total | 100.0 | 100.0 |   0.2 |   1.2 |   7.4 | 324.0
       Dungeon | 100.0 | 100.0 |   0.2 |   1.2 |   7.4 | 324.0
               +-------+-------+-------+-------+-------+----------------------

Table legend:
 A = Kills in this place as a percentage of kills in entire the game.
 B = Kills by you in this place as a percentage of kills by you in the entire game.
 C = Kills by friends in this place as a percentage of kills by friends in the entire game.
 D = Other kills in this place as a percentage of other kills in the entire game.
 E = Experience gained in this place as a percentage of experience gained in the entire game.
 F = Experience gained in this place divided by the number of levels of this place that you have seen.
                   A       B       C       D       E      F
               +-------+-------+-------+-------+-------+----------------------
         Total | 100.0 | 100.0 |  -nan |  -nan | 100.0 |  57.7
       Dungeon | 100.0 | 100.0 |  -nan |  -nan | 100.0 |  57.7
               +-------+-------+-------+-------+-------+----------------------
